 Dungeon Crawl Stone Soup version 0.29-a0-559-g359e09b9d1 (webtiles) character file.

Game seed: 15972096108636252581

1519 Essalna the Ruffian (level 8, -7/69 HPs)
             Began as a Pale Draconian Transmuter on June 10, 2022.
             Was an Initiate of Qazlal.
             Killed from afar by an orc (33 damage)
             ... with a bolt of acid
             ... on level 6 of the Dungeon.
             The game lasted 00:10:51 (7086 turns).

Essalna the Ruffian (Pale Draconian Transmuter)     Turns: 7086, Time: 00:10:52

Health: -7/69      AC:  3    Str: 14    XL:     8   Next: 54%
Magic:  11/11      EV: 13    Int: 15    God:    Qazlal [......]
Gold:   446        SH:  0    Dex: 11    Spells: 6/11 levels left

rFire   . . .      SeeInvis .     - Unarmed
rCold   . . .      Faith    .   (no shield)
rNeg    . . .      Spirit   .   (body armour unavailable)
rPois   .          Reflect  .   (helmet currently unavailable)
rElec   .          Harm     .   j - +0 cloak
rCorr   .          Rampage  .   (no gloves)
Will    .....                   (boots currently unavailable)
Stlth   +.........              (no amulet)
HPRegen 0.21/turn               (no ring)
MPRegen 0.12/turn               (no ring)

@: appendages, corroded
A: horns 2, talons 2, breathe steam, AC +6, unfitting armour, cold-blooded,
steam resistance
a: Breathe Steam, End Transformation, Renounce Religion


You were on level 6 of the Dungeon.
You worshipped Qazlal.
Qazlal was noncommittal.
You had temporarily grown beastly horns and talons.
You visited 2 branches of the dungeon, and saw 7 of its levels.

You collected 446 gold pieces.

Inventory:

Armour
 j - a +0 cloak (worn)
 p - the +0 cloak of Resilience {rF- Str+8 Int-5 SInv}
   (You found it on level 4 of the Dungeon)

   Str:       It affects your strength (+8).
   Int:       It affects your intelligence (-5).
   rF:        It makes you vulnerable to fire.
   SInv:      It lets you see invisible.
Magical Staves
 r - a staff of air
Jewellery
 s - a ring of flight
Wands
 k - a wand of charming (10)
 m - a wand of paralysis (7)
 u - a wand of iceblast (6)
 v - a wand of polymorph (1)
Scrolls
 b - 6 scrolls of vulnerability {unknown}
 c - 3 scrolls of enchant armour {unknown}
 d - 2 scrolls of blinking
 e - 2 scrolls of teleportation {unknown}
 f - a scroll of magic mapping {unknown}
 h - 4 scrolls of immolation {unknown}
 i - 4 scrolls of identify {unknown}
 n - 2 scrolls of torment {unknown}
 o - a scroll of fear {unknown}
 q - 2 scrolls of amnesia {unknown}
Potions
 a - a potion of lignification
 g - a potion of flight {unknown}
 l - 3 potions of attraction {unknown}
 t - 2 potions of mutation {unknown}


   Skills:
 + Level 5.4 Fighting
 + Level 4.7 Dodging
 + Level 5.6 Unarmed Combat
 - Level 2.0 Spellcasting
 + Level 5.2 Transmutations
 + Level 4.1 Ice Magic


You had 6 spell levels left.
You knew the following spells:

 Your Spells              Type           Power      Damage    Failure   Level
a - Beastly Appendage     Tmut           34%        N/A       2%          1
b - Ice Form              Ice/Tmut       15%        N/A       32%         4

Your spell library contained the following spells:

 Spells                   Type           Power      Damage    Failure   Level
 Wereblood                Tmut           17%        N/A       4%          2
 Passwall                 Tmut/Erth      7%         N/A       12%         2
 Magic Dart               Conj           4%         1d3       22%         1
 Sandblast                Erth           2%         2d4       22%         1
 Spider Form              Tmut/Pois      9%         N/A       22%         3
 Blink                    Tloc           2%         N/A       32%         2
 Call Imp                 Summ           1%         N/A       32%         2
 Lesser Beckoning         Tloc           1%         N/A       54%         3
 Mephitic Cloud           Conj/Pois/Air  1%         N/A       54%         3
 Stone Arrow              Conj/Erth      2%         3d7       54%         3
 Manifold Assault         Tloc           1%         N/A       99%         5


Dungeon Overview and Level Annotations

Branches:
Dungeon (6/15)             Temple (1/1) D:6

Altars:
Ashenzari
Cheibriados
Dithmenos
Elyvilon
Fedhas
Gozag
Kikubaaqudgha
Makhleb
Nemelex Xobeh
Okawaru
Qazlal
Ru
Sif Muna
Trog
Uskayaw
Vehumet
Wu Jian
Xom
Yredelemnul
Zin
The Shining One

Shops:
D:4 (   D:6 (

Annotations:
D:2 1 runed translucent door, Crazy Yiuf
D:6 2 transporters


Innate Abilities, Weirdness & Mutations

You have temporarily grown beastly horns and talons.
You can breathe blasts of scalding, opaque steam.
Your pale cyan-grey scales are hard. (AC +6)
You cannot fit into any form of body armour.
You are cold-blooded and may be slowed by cold attacks.
You are immune to the effects of steam.


Message History

Things that are here:
a +0 club; a +0 chain mail An orc comes into view.
It is wielding a +0 hand axe.
The orc shouts!
The orc unwields the +6 hunting sling "Yvemisac" {freeze, rElec rC+ Int+4}.
The orc wields a +0 mace.
The orc barely misses you. The orc closely misses you.
The orc moves out of view.
You hit the orc priest but do no damage.
You claw the orc priest, but do no damage.
You headbutt the orc priest, but do no damage.
You punch the orc priest, but do no damage.
The orc priest hits you with a +0 whip. The orc hits you but does no damage.
You completely miss the orc priest. You headbutt the orc priest.
The orc priest is lightly wounded.
The orc zaps a wand.
The bolt of acid misses you. The orc priest closely misses you.
The orc closely misses you.
You hit the orc priest but do no damage.
Your punch misses the orc priest.
The orc priest is lightly wounded.
The orc zaps a wand.
The bolt of acid hits you!! The acid corrodes you!
You are too injured to fight recklessly!
You are too injured to fight recklessly!
You hit the orc priest but do no damage.
You claw the orc priest, but do no damage.
Your headbutt misses the orc priest.
The orc priest is lightly wounded.
The orc priest looks satisfied for a moment.
The orc barely misses you. x2
You closely miss the orc priest.
You claw the orc priest, but do no damage.
Your headbutt misses the orc priest.
The orc priest is lightly wounded.
The orc priest misses you. The orc barely misses you.
The orc hits you with a +0 club.
You hit the orc priest. Your kick misses the orc priest.
Your headbutt misses the orc priest.
The orc priest is moderately wounded.
The orc priest hits you but does no damage.
The orc barely misses you.
The orc zaps a wand.
The bolt of acid hits you!!
You die... #. .# .. .# ## .####.. ... ..#..# ..#....## ...o..# #ooo#

#@# #)# #†#
##'##
##...##
##.....##
##.......##
#.........#
+.........+


You could see an orc priest and 3 orcs.

Vanquished Creatures
  An ice beast (D:6)
  2 black bears
  4 ogres
  A phantom (D:4)
  A kobold brigand (D:5)
  4 scorpions
  2 howler monkeys
  3 hounds
  2 orc priests (D:4)
  A jelly (D:5)
  4 iguanas
  A gnoll (D:4)
  4 adders
  A white imp (D:4)
  An ufetubus (D:5)
  3 worms
  3 dart slugs
  4 orcs
  9 bats
  11 endoplasms
  5 giant cockroaches
  11 goblins
  2 hobgoblins (D:1)
  4 jackals (D:3)
  10 quokkas
  7 ball pythons
  3 frilled lizards
  13 kobolds
  7 rats
124 creatures vanquished.

Vanquished Creatures (others)
  A fungus (D:2)
1 creature vanquished.

Grand Total: 125 creatures vanquished

Notes
Turn   | Place    | Note
-------+----------+-------------------------------------------
     0 | D:1      | Essalna the Draconian Transmuter began the quest for the
                  | Orb.
     0 | D:1      | Reached XP level 1. HP: 16/16 MP: 3/3
   432 | D:1      | Reached XP level 2. HP: 23/23 MP: 3/5
   914 | D:1      | Found a faded altar of an unknown god.
   964 | D:1      | Reached XP level 3. HP: 29/29 MP: 4/6
  1565 | D:2      | Reached XP level 4. HP: 30/37 MP: 5/7
  1935 | D:2      | Found a runed translucent door.
  1941 | D:2      | Learned a level 4 spell: Ice Form
  1941 | D:2      | Noticed Crazy Yiuf
  3089 | D:4      | Noticed a phantom
  3272 | D:4      | Killed a phantom
  3273 | D:4      | Reached skill level 1 in Ice Magic
  3273 | D:4      | Reached XP level 5. HP: 34/44 MP: 6/8
  3411 | D:4      | Noticed an ogre
  3435 | D:5      | Entered Level 5 of the Dungeon
  3642 | D:5      | Noticed an ogre
  3658 | D:5      | Noticed an ogre
  3857 | D:4      | Killed an ogre
  3858 | D:4      | Reached XP level 6. HP: 51/51 MP: 9/9
  4172 | D:4      | Found Posarchau's Weapon Shoppe.
  4325 | D:4      | Your scales start taking on a pale cyan-grey colour.
  4325 | D:4      | Reached XP level 7. HP: 32/58 MP: 10/10
  4325 | D:4      | Gained mutation: You are immune to the effects of steam.
                  | [Pale Draconian growth]
  4540 | D:4      | Identified the +0 cloak of Resilience {rF- Str+8 Int-5
                  | SInv}
  5190 | D:5      | Reached skill level 5 in Unarmed Combat
  5312 | D:5      | Reached XP level 8. HP: 50/67 MP: 11/11
  6167 | D:5      | Reached skill level 5 in Fighting
  6520 | D:6      | Found a transporter.
  6525 | D:6      | Found a transporter.
  6548 | D:6      | Found a staircase to the Ecumenical Temple.
  6554 | Temple   | Entered the Ecumenical Temple
  6609 | Temple   | Became a worshipper of Qazlal Stormbringer
  6854 | D:6      | Reached skill level 5 in Transmutations
  6872 | D:6      | Found Tekhujur's Weapon Boutique.
  7076 | D:6      | Identified the +6 hunting sling "Yvemisac" {freeze, rElec
                  | rC+ Int+4}
  7086 | D:6      | Killed from afar by an orc

Illustrated notes

Levels and vault maps discovered:
D:1:      grunt_arrival_crossed_arrows, layout_loops_ring,
          basic_ecumenical_altar
D:2:      layout_loops_ring, st_stairs_5, feat_on_display,
          uniq_crazy_yiuf_cottage
D:3:      layout_loops_cross
D:4:      layout_rooms, serial_shops, nicolae_shop_bloodbath_and_beyond,
          cheibrodos_gnoll_hut
D:5:      layout_loops_corners, chequers_avenue, minmay_starry_boxes
D:6:      gammafunk_steamed_eel, layout_loops_corners, temple_statues,
          serial_shops, nicolae_shop_advertising_works
          [nicolae_subvault_shop_adworks], supply_closet_lemuel,
          nrook_pool_corridor, minmay_holes, st_stairs_8
Temple:   grunt_wide_crystal_templ

Skill      XL: |  1  2  3  4  5  6  7  8 |
---------------+-------------------------+-----
Dodging        | 2 3 4 |  4.7
Fighting       | 2 3 4 5 |  5.4
Transmutations | 3 4 5 |  5.2
Ice Magic      | 1 2 3 4 |  4.1
Unarmed Combat | 4 5 |  5.6
Spellcasting   | |  2.0

Action                   |  1- 3 |  4- 6 |  7- 9 || total
-------------------------+-------+-------+-------++-------
Melee: Unarmed           |   109 |   170 |   119 ||   398
       Kick              |    26 |    41 |    42 ||   109
       Headbutt          |    10 |    18 |    20 ||    48
       Tailslap          |     7 |    25 |    17 ||    49
       Punch             |     3 |     3 |     5 ||    11
 Cast: Beastly Appendage |    30 |    34 |    25 ||    89
 Abil: Breathe Steam     |       |       |     9 ||     9
Evoke: Wand              |       |     2 |       ||     2
  Use: Scroll            |       |     2 |       ||     2
 Stab: Sleeping          |     1 |       |       ||     1
Armor: Skin              |    47 |    58 |    40 ||   145
Dodge: Dodged            |    65 |   114 |    88 ||   267

Table legend: (Time is in decaauts)
 A = Elapsed time spent in this place.
 B = Non-inter-level travel time spent in this place.
 C = Inter-level travel time spent in this place.
 D = Time resting spent in this place.
 E = Time spent auto-exploring this place.
 F = Levels seen in this place.
 G = Mean time per level.
                   A        B        C        D        E       F      G
               +--------+--------+--------+--------+--------+-----+--------+
         Total |   7066 |   6860 |    206 |    359 |   5536 |   7 | 1009.4 |
       Dungeon |   6993 |   6809 |    184 |    359 |   5504 |   6 | 1165.5 |
        Temple |     72 |     50 |     22 |      0 |     32 |   1 |   72.0 |
               +--------+--------+--------+--------+--------+-----+--------+

Top non-repeatable levels by time:
     D:4: 1611 daAuts
     D:5: 1561 daAuts
     D:1: 1341 daAuts
     D:3: 954 daAuts
     D:2: 954 daAuts
     D:6: 569 daAuts
  Temple: 72 daAuts
